 Dungeon Crawl Stone Soup version 0.21-a0-243-g597973d (webtiles) character file.

30 tof the Caller (level 3, 0/24 HPs)
             Began as a Merfolk Summoner on Sept 4, 2017.
             Succumbed to an adder's poison
             ... on level 2 of the Dungeon.
             The game lasted 00:06:29 (2194 turns).

tof the Caller (Merfolk Summoner)                   Turns: 2194, Time: 00:06:30

Health: 0/24       AC:  3    Str:  5 (8)  XL:     3   Next: 18%
Magic:  4/6        EV: 21    Int: 13 (14) God:
Gold:   143        SH:  0    Dex: 17 (20) Spells: 3/6 levels left

rFire    . . .     SeeInvis .   f - +0 hunting sling
rCold    . . .     Gourm    .   (no shield)
rNeg     . . .     Faith    .   a - +1 robe
rPois    .         Spirit   .   (no helmet)
rElec    .         Reflect  .   (no cloak)
rCorr    +         Harm     .   (no gloves)
MR       .....                  (no boots)
Stlth    +++.......             (no amulet)
HPRegen  0.08/turn              j - +2 ring of evasion
MPRegen  0.10/turn              n - ring of resist corrosion

@: agile, lethally poisoned (0 -> -5)
A: change form in water, swift swim, stealthy swim
a: no special abilities


You were on level 2 of the Dungeon.
You were not hungry.

You visited 1 branch of the dungeon, and saw 2 of its levels.

You collected 143 gold pieces.

Inventory:

Hand Weapons
 f - a +0 hunting sling (weapon)
Missiles
 h - 12 poisoned needles
 m - 20 sling bullets (quivered)
Armour
 a - a +1 robe (worn)
Jewellery
 j - a +2 ring of evasion (left hand)
 n - a ring of resist corrosion (right hand)
Scrolls
 g - a scroll of identify
 i - a scroll of remove curse
Potions
 d - a potion of degeneration
Books
 b - a book of Callings

   Spells                             Type                      Level
   a - Summon Small Mammal            Summoning                    1
   b - Call Imp                       Summoning                    2
   c - Call Canine Familiar           Summoning                    3
   d - Summon Guardian Golem          Hexes/Summoning              3
   e - Summon Lightning Spire         Summoning/Air                4
   f - Summon Ice Beast               Ice/Summoning                4
Comestibles
 k - 3 chunks of flesh
 l - a meat ration


   Skills:
 * Level 3.6 Dodging
 + Level 2.8 Stealth
 + Level 2.1 Spellcasting
 * Level 4.2 Summonings


You had 3 spell levels left.
You knew the following spells:

 Your Spells              Type           Power        Failure   Level  Hunger
a - Summon Small Mammal   Summ           ##..         4%          1    ##.....
b - Call Imp              Summ           ##......     7%          2    ###....


Dungeon Overview and Level Annotations

Branches:
Dungeon (2/15)

Altars:


Message History

There is a lethal amount of poison in your body!
* * * LOW HITPOINT WARNING * * *
You feel sick. The adder completely misses you.
Your rat closely misses the adder.
The adder misses you.
* * * LOW HITPOINT WARNING * * *
You feel sick.
The crimson imp blinks!
Your rat misses the adder. The adder bites you but does no damage.
Your quokka disappears in a puff of smoke!
The crimson imp misses you. The adder closely misses you.
Your rat barely misses the adder.
* * * LOW HITPOINT WARNING * * *
You feel sick. The crimson imp closely misses you.
The adder completely misses you.
Your rat closely misses the adder.
The crimson imp disappears in a puff of smoke!
The adder misses you.
Your rat bites the adder but does no damage.
The adder bites your rat.
Your rat dies!
Your rat's corpse disappears in a puff of smoke!
You die...

#..(......# ###.......##
#####......>...#
#.....#.......##
#.#............#
######.#.#.#......†#######
#...#.....................
#.........§#.#.#.#.#######
#...#....@.......##. ##
##### ##.###.#.#S......#
.# #.
#...#####.###....§§...###
.# #.
.....##.......#.##...## .#
#. ..r#(....#..###.###.##
.# ## .##.#.#.#.##.##.# .#
.# #.⌠.###.♣.##.#.# .#
##.#.#.#.## #..# #
##.#.#♣#♣ ..#


You could see an adder.

Vanquished Creatures
  An ooze (D:1)
  A goblin (D:2)
  A bat (D:2)
  2 frilled lizards (D:2)
  A rat (D:2)
6 creatures vanquished.

Vanquished Creatures (collateral kills)
  An adder (D:2)
  2 bats (D:1)
  3 giant cockroaches (D:1)
  3 hobgoblins (D:1)
  3 jackals (D:1)
  3 kobolds (D:1)
  3 frilled lizards
  2 goblins (D:1)
  4 rats
24 creatures vanquished.

Grand Total: 30 creatures vanquished

Notes
Turn   | Place    | Note
-------+----------+-------------------------------------------
     0 | D:1      | tof the Merfolk Summoner began the quest for the Orb.
     0 | D:1      | Reached XP level 1. HP: 13/13 MP: 3/3
   540 | D:1      | Reached XP level 2. HP: 19/19 MP: 3/5
  1206 | D:1      | Learned a level 2 spell: Call Imp
  2061 | D:2      | Reached XP level 3. HP: 24/24 MP: 6/6
  2192 | D:2      | HP: 1/24 [poisoned by an adder]
  2194 | D:2      | Succumbed to an adder's poison

Vault maps used:
D:1:      ncdulo_lavacross
D:2:      kennysheep_the_goblin_king, kennysheep_ying_yang, st_stairs_4,
          grunt_decor_mini_mirrors, xom_redecorated

Skill      XL: |  1 |
---------------+----+-----
Dodging        | 3 |  3.6
Stealth        | |  2.8
Spellcasting   | |  2.1
Summonings     | |  4.2

Action                   || total
-------------------------++-------
Melee: Unarmed           ||    16
       Hunting sling     ||    31
 Fire: Hunting sling     ||    12
 Cast: Summon Small Mamm ||    66
       Call Imp          ||     9
  Use: Scroll            ||     2
       Potion            ||     2
 Stab: Sleeping          ||     2
  Eat: Chunk             ||     2
       Bread ration      ||     1
Armor: Robe              ||    34
Dodge: Dodged            ||    98

Table legend:
 A = Spawn XP
 B = Non-spawn XP
 C = Spawn XP percentage of total XP
 D = Spawn monster count
 E = Non-spawn monster count
 F = Spawn count percentage of total count
 G = Total turns spent on level
                    A         B        C        D         E        F      G
               +---------+---------+-------+---------+---------+-------+---------
         Total |       6 |      37 |  14.0 |       6 |      24 |  20.0 |  2194
               +---------+---------+-------+---------+---------+-------+---------
           D:1 |       6 |      20 |  23.1 |       6 |      16 |  27.3 |  2000
           D:2 |       0 |      17 |   0.0 |       0 |       8 |   0.0 |   194
               +---------+---------+-------+---------+---------+-------+---------
